Map: Terraform LE (Void)

Players

llIIIIllII

  • Race: Zerg Zerg
  • League: Platinum

VampyWorm - Winner!

  • Race: Protoss Protoss
  • League: Platinum

VOD

Have the link to the VOD?

Description

Time

  • Played on: Oct. 13, 2015, 11:49 a.m.
  • Length: 12:26
Show
View Real Time Build Order
Export as new Build Order

llIIIIllII Zerg 

Build Orders: 3 Hatch before Pool 

Get SALT Encoding   

  12  0:01  Drone  
  13  0:13  Drone  
  14  0:17  Extractor  
  14  0:18  Drone  
  15  0:22  Overlord  
  15  0:47  Hatchery  
  14  0:52  Drone  
  14  0:54  Drone  
  16  1:03  Drone  
  17  1:18  Drone  
  18  1:29  Hatchery, Drone  
  18  1:46  Drone  
  18  1:47  Spawning Pool  
  18  1:48  Drone  
  18  1:53  Overlord  
  19  2:01  Drone x2  
  21  2:14  Drone x2  
  23  2:23  Drone x2  
  25  2:34  Queen x2  
  29  2:40  Drone  
  29  2:41  Drone, Queen  
  34  2:51  Drone x3  
  34  2:53  Zergling x2  
  34  2:54  Zergling x2  
  34  2:55  Drone  
  39  3:07  Drone  
  39  3:08  Drone x2  
  42  3:13  Overlord  
  42  3:16  Overlord  
  42  3:22  Extractor  
  42  3:25  Extractor  
  42  3:26  Drone x2  
  42  3:40  Spore Crawler  
  42  3:41  Spore Crawler  
  40  3:42  Queen x3  
  40  3:46  Spore Crawler  
  40  3:48  Spore Crawler  
  44  3:50  Extractor  
  44  3:51  Extractor  
  44  3:55  Drone x4  
  45  3:56  Spore Crawler  
  45  4:04  Spore Crawler  
  44  4:39  Drone x3  
  44  4:40  Drone x6  
  44  4:41  Drone x5  
  58  4:47  Overlord x5  
  58  4:55  Lair  
  58  5:01  Roach Warren  
  58  5:05  Metabolic Boost  
  57  5:32  Drone x4  
  57  5:33  Drone x6  
  57  5:34  Drone  
  68  5:45  Overlord x5  
  68  5:49  Drone  
  69  5:51  Drone x3  
  72  6:00  Hydralisk Den, Glial Reconstitution  
  72  6:02  Drone x4  
  75  6:09  Evolution Chamber, Drone x3  
  75  6:10  Evolution Chamber  
  76  6:11  Drone  
  76  6:12  Drone x2  
  76  6:14  Extractor  
  76  6:16  Extractor  
  75  6:33  Muscular Augments  
  75  6:39  Infestation Pit  
  74  6:43  Zerg Missile Weapons Level 1, Zerg Ground Armor Level 1  
  74  7:03  Drone  
  74  7:04  Drone x6  
  74  7:05  Drone  
  74  7:06  Overlord  
  74  7:07  Overlord x2  
  82  7:23  Hydralisk x3  
  82  7:24  Hydralisk x2  
  82  7:27  Hive  
  92  8:03  Overseer  
  92  8:10  Hydralisk  
  92  8:11  Hydralisk x7  
  108  8:14  Roach x3  
  108  8:15  Roach x4  
  122  8:48  Hatchery  
  121  8:58  Viper x5  
  136  9:03  Zerg Ground Armor Level 2  
  136  9:04  Zerg Missile Weapons Level 2  
  136  9:34  Spire  
  135  9:44  Overlord x5  
  135  9:45  Overlord x6  
  135  9:46  Overlord x3  
  135  10:12  Viper  
  135  10:13  Viper x2  
  144  10:15  Hydralisk x4  
  144  10:16  Viper x2  
  158  11:05  Hydralisk x6  
  158  11:06  Hydralisk x2  
  158  11:07  Corruptor x4  
  182  11:27  Hydralisk  
  182  11:28  Hydralisk x5  
Show
View Real Time Build Order
Export as new Build Order

VampyWorm Protoss - Winner!

Build Orders: 1 Gate Expand, Oracle Opening 

Get SALT Encoding   

  12  0:01  Probe (Chrono Boost)  
  13  0:12  Probe (Chrono Boost)  
  14  0:24  Probe (Chrono Boost), Pylon  
  15  0:42  Probe (Chrono Boost)  
  16  0:50  Gateway  
  16  0:53  Probe (Chrono Boost)  
  17  1:03  Probe (Chrono Boost)  
  18  1:20  Assimilator  
  18  1:23  Nexus, Assimilator  
  19  1:25  Probe (Chrono Boost)  
  19  1:36  Probe (Chrono Boost)  
  20  1:43  Cybernetics Core  
  20  1:48  Probe (Chrono Boost)  
  20  1:54  Pylon  
  21  1:58  Probe (Chrono Boost)  
  22  2:09  Probe (Chrono Boost)  
  25  2:22  Mothership Core (Chrono Boost)  
  25  2:23  Warp Gate  
  25  2:24  Adept  
  27  2:32  Pylon  
  27  2:35  Probe (Chrono Boost)  
  28  2:41  Probe (Chrono Boost)  
  29  2:46  Probe (Chrono Boost)  
  31  2:51  Probe (Chrono Boost), Stargate  
  31  2:56  Probe (Chrono Boost)  
  32  3:02  Probe (Chrono Boost)  
  33  3:07  Probe (Chrono Boost)  
  33  3:12  Probe (Chrono Boost)  
  35  3:17  Probe (Chrono Boost)  
  35  3:19  Gateway  
  36  3:21  Gateway  
  36  3:30  Pylon  
  36  3:31  Probe x2 (Chrono Boost)  
  38  3:34  Oracle (Chrono Boost)  
  38  3:41  Probe  
  41  3:43  Probe, Assimilator  
  43  3:51  Probe, Forge  
  43  3:55  Probe  
  45  3:58  Gateway  
  45  4:02  Probe  
  45  4:06  Phoenix (Chrono Boost)  
  45  4:07  Probe  
  49  4:11  Pylon  
  49  4:12  Probe  
  49  4:14  Assimilator  
  50  4:19  Probe  
  50  4:23  Probe  
  53  4:31  Probe  
  53  4:32  Phoenix (Chrono Boost)  
  53  4:38  Probe  
  55  4:43  Probe  
  57  4:50  Probe  
  58  4:54  Phoenix (Chrono Boost)  
  60  5:03  Probe x2  
  60  5:07  Protoss Air Weapons Level 1  
  62  5:13  Probe  
  62  5:15  Probe  
  62  5:16  Fleet Beacon, Nexus  
  62  5:18  Pylon x2  
  62  5:21  Pylon  
  64  5:23  Pylon  
  64  5:24  Probe  
  64  5:28  Probe  
  66  5:35  Probe  
  66  5:40  Probe  
  68  5:44  Carrier (Chrono Boost)  
  68  5:45  Probe  
  69  5:51  Assimilator  
  69  5:52  Probe  
  69  5:53  Assimilator  
  69  5:56  Probe  
  70  6:01  Stargate  
  78  6:04  Probe  
  78  6:06  Probe  
  79  6:16  Probe  
  79  6:17  Probe  
  81  6:27  Probe  
  81  6:28  Probe  
  81  6:32  Probe  
  83  6:36  Graviton Catapult  
  83  6:38  Probe  
  85  6:40  Probe  
  85  6:43  Probe, Carrier (Chrono Boost)  
  87  6:48  Probe  
  87  6:52  Probe  
  89  6:55  Oracle (Chrono Boost)  
  98  7:03  Carrier (Chrono Boost)  
  98  7:06  Nexus  
  98  7:08  Pylon  
  98  7:10  Protoss Air Weapons Level 2 (Chrono Boost), Pylon  
  98  7:13  Assimilator  
  98  7:17  Assimilator  
  98  7:20  Stargate  
  98  7:22  Probe, Pylon  
  105  7:33  Probe  
  106  7:38  Robotics Facility  
  106  7:39  Pylon  
  106  7:42  Carrier (Chrono Boost)  
  106  7:43  Carrier (Chrono Boost)  
  106  7:46  Probe  
  107  7:54  Probe  
  108  8:01  Probe  
  108  8:05  Carrier (Chrono Boost)  
  121  8:08  Adept x3  
  127  8:23  Pylon  
  133  8:38  Observer  
  134  8:42  Probe, Carrier (Chrono Boost)  
  134  8:44  Carrier (Chrono Boost)  
  135  8:59  Observer  
  148  9:03  Carrier (Chrono Boost)  
  148  9:09  Cybernetics Core  
  148  9:18  Gateway  
  148  9:19  Protoss Air Armor Level 1 (Chrono Boost)  
  148  9:20  Gateway  
  148  9:22  Gateway  
  154  9:24  Gateway  
  154  9:27  Pylon  
  154  9:35  Nexus  
  154  9:37  Observer, Pylon  
  154  9:38  Carrier (Chrono Boost)  
  155  9:39  Pylon  
  155  9:40  Carrier (Chrono Boost)  
  155  9:42  Assimilator  
  155  9:48  Assimilator  
  155  9:56  Adept  
  155  9:57  Adept x3, Carrier (Chrono Boost)  
  172  10:33  Carrier (Chrono Boost)  
  172  10:37  Carrier (Chrono Boost)  
  172  10:38  Adept x2  
  172  10:39  Adept x2  
  180  10:45  Pylon, Carrier (Chrono Boost)  
  180  10:47  Pylon  
  180  10:50  Twilight Council  
  189  12:07  Adept x8  
Tags
 
Add a new tag
Caveats
  • Supply blocks, unpowered buildings, or Contaminate may cause inaccurate times.
  • Supply counts are checked every 10 seconds.